 Dungeon Crawl Stone Soup version 0.22-a0-618-gd6a3efe (webtiles) character file.

88 sking99 the Ruffian (level 4, -3/45 HPs)
             Began as an Ogre Transmuter on July 13, 2018.
             Was an Initiate of Fedhas.
             Killed from afar by an orc wizard (8 damage)
             ... with a puff of flame
             ... on level 3 of the Dungeon.
             The game lasted 00:04:00 (2071 turns).

sking99 the Ruffian (Ogre Transmuter)               Turns: 2071, Time: 00:04:00

Health: -3/45      AC:  3    Str: 14    XL:     4   Next: 53%
Magic:  4/7        EV: 10    Int: 14    God:    Fedhas [......]
Gold:   79         SH:  0    Dex: 10    Spells: 2/7 levels left

rFire    . . .     SeeInvis .     - Unarmed
rCold    . . .     Gourm    .   (no shield)
rNeg     . . .     Faith    .   b - +0 robe
rPois    .         Spirit   .   (helmet restricted)
rElec    .         Reflect  .   (no cloak)
rCorr    .         Harm     .   (gloves unavailable)
MR       .....                  (boots unavailable)
Stlth    +.........             (no amulet)
HPRegen  0.15/turn              (no ring)
MPRegen  0.10/turn              (no ring)

@: no status effects
A: large, unfitting armour, tough skin 1
a: Fungal Bloom, Renounce Religion


You were on level 3 of the Dungeon.
You worshipped Fedhas.
Fedhas was noncommittal.
You were not hungry.

You visited 1 branch of the dungeon, and saw 3 of its levels.

You collected 79 gold pieces.

Inventory:

Missiles
 a - 25 arrows
Armour
 b - a +0 robe (worn)
Jewellery
 f - an uncursed amulet of regeneration {unknown}
 i - a cursed ring of loudness {unknown}
 j - a +6 ring of dexterity {unknown}
Scrolls
 e - a scroll of blinking
 l - a scroll of remove curse
 m - a scroll of amnesia
Potions
 h - a potion of cancellation
Comestibles
 d - 8 rations


   Skills:
 + Level 3.3 Fighting
 - Level 1.7 Dodging
 * Level 4.1 Unarmed Combat
 - Level 2.4 Spellcasting
 - Level 1.7 Transmutations


You had 2 spell levels left.
You knew the following spells:

 Your Spells              Type           Power        Failure   Level  Hunger
b - Sticks to Snakes      Tmut           #.......     17%         2    ###....
c - Spider Form           Tmut/Pois      #.........   43%         3    ###....

Your spell library contained the following spells:

 Spells                   Type           Power        Failure   Level  Hunger
 Blade Hands              Tmut           #.........   97%         5    ######.
 Ice Form                 Ice/Tmut       #.......     85%         4    #####..
 Beastly Appendage        Tmut           #.....       11%         1    #......


Dungeon Overview and Level Annotations

Branches:
Dungeon (3/15)

Altars:
Fedhas
Zin

Shops:
D:2 *


Innate Abilities, Weirdness & Mutations

You are too large for most types of armour.
You have tough skin. (AC +1)


Message History

You kill the orc!
The orc hits you with a flail. The orc wizard closely misses you.
You bump into the rock wall.
The orc wizard casts a spell at you. You resist with some effort.
The orc hits you with a flail.
* * * LOW HITPOINT WARNING * * *
Your magical contamination has completely faded away.
You feel less confused.
The orc wizard hits you but does no damage.
Things that are here:
a trident; an orc corpse The orc wizard gestures at you while chanting.
The magic dart hits you!
* * * LOW HITPOINT WARNING * * *
Things that are here:
a whip; a leather armour; an orc corpse The orc wizard gestures at you while chanting.
The puff of flame hits you!
You die...
Fedhas appreciates your contribution to the ecosystem.

############### ....
.........# #..
......#.#
##.######>...#.#
#............#.#
###..#..# #..(.#.###
#.......# #....#@#..
#.#.P...# #.#..#)#.#
#.#.....# #.#..#)#.#
#.#.....###.##.#o#.#
#.#...<......#..o#.#
#.#...#.###..#.).#.#
#.#.....# #).#.....#
#.#.....# ...#.#$..#
#.#.....#..........#


You could see an orc wizard and an orc.

Vanquished Creatures
  4 adders
  A worm (D:2)
  A dart slug (D:1)
  2 leopard geckos
  3 orcs (D:3)
  A giant cockroach (D:1)
  3 hobgoblins
  9 kobolds
  A ball python (D:3)
  4 bats
  5 frilled lizards
  6 goblins
  4 rats
44 creatures vanquished.

Vanquished Creatures (others)
  A toadstool (D:3)
1 creature vanquished.

Grand Total: 45 creatures vanquished

Notes
Turn   | Place    | Note
-------+----------+-------------------------------------------
     0 | D:1      | sking99 the Ogre Transmuter began the quest for the Orb.
     0 | D:1      | Reached XP level 1. HP: 19/19 MP: 3/3
   152 | D:1      | Reached skill level 3 in Unarmed Combat
   188 | D:1      | Reached XP level 2. HP: 26/28 MP: 5/5
   243 | D:1      | Learned a level 2 spell: Sticks to Snakes
   549 | D:1      | Reached XP level 3. HP: 27/36 MP: 6/6
   769 | D:1      | Learned a level 3 spell: Spider Form
  1324 | D:2      | Found Zin's Purification Station.
  1328 | D:2      | Found a glowing silver altar of Zin.
  1375 | D:2      | Found a blossoming altar of Fedhas.
  1707 | D:2      | Became a worshipper of Fedhas Madash
  1756 | D:3      | Reached XP level 4. HP: 44/45 MP: 7/7
  1834 | D:3      | Reached skill level 4 in Unarmed Combat
  2071 | D:3      | Killed from afar by an orc wizard

Vault maps used:
D:1:      minmay_arrival_three_doors, minmay_pentomino_v4
D:2:      marbit_many_paths, zin_purify, first_ration
D:3:      cheibrodos_sewer_entry_drain, lemuel_tele_altar, uniq_jessica

Skill      XL: |  1  2  3  4 |
---------------+-------------+-----
Unarmed Combat | 3 4 |  4.1
Fighting       | 2 3 |  3.3
Dodging        | |  1.7
Spellcasting   | |  2.4
Transmutations | |  1.7

Action                   |  1- 3 |  4- 6 || total
-------------------------+-------+-------++-------
Melee: Unarmed           |   135 |    59 ||   194
       Punch             |     2 |     1 ||     3
       Headbutt          |     1 |       ||     1
 Cast: Beastly Appendage |     3 |       ||     3
       Spider Form       |       |     1 ||     1
Invok: Fungal Bloom      |       |     1 ||     1
  Use: Scroll            |       |     7 ||     7
       Potion            |       |     1 ||     1
 Stab: Sleeping          |     2 |       ||     2
  Eat: Chunk             |     2 |     2 ||     4
Armor: Robe              |    32 |     9 ||    41
Dodge: Dodged            |    68 |    42 ||   110

Table legend:
 A = Spawn XP
 B = Non-spawn XP
 C = Spawn XP percentage of total XP
 D = Spawn monster count
 E = Non-spawn monster count
 F = Spawn count percentage of total count
 G = Total turns spent on level
                    A         B        C        D         E        F      G
               +---------+---------+-------+---------+---------+-------+---------
         Total |       0 |     126 |   0.0 |       0 |      44 |   0.0 |  2071
               +---------+---------+-------+---------+---------+-------+---------
           D:1 |       0 |      35 |   0.0 |       0 |      23 |   0.0 |   770
           D:2 |       0 |      46 |   0.0 |       0 |      10 |   0.0 |   983
           D:3 |       0 |      45 |   0.0 |       0 |      11 |   0.0 |   318
               +---------+---------+-------+---------+---------+-------+---------
